 Dungeon Crawl Stone Soup version 0.23.2-1-ga50397a (webtiles) character file.

Game seed: 16549741555437141062

99 Magicfruit the Skirmisher (level 5, -3/61 HPs)
             Began as a Human Fighter on May 30, 2019.
             Killed by divine providence
             ... invoked by an orc priest
              (17 damage)
             ... on level 3 of the Dungeon.
             The game lasted 00:04:40 (1804 turns).

Magicfruit the Skirmisher (Human Fighter)           Turns: 1804, Time: 00:04:41

Health: -3/61      AC: 22    Str: 18    XL:     5   Next: 2%
Magic:  5/5        EV:  2    Int: 13    God:
Gold:   42         SH:  9    Dex: 12    Spells: 4/4 levels left

rFire    . . .     SeeInvis .   a - +1 long sword
rCold    + . .     Gourm    .   c - +0 shield
rNeg     + + +     Faith    .   (armour currently unavailable)
rPois    +         Spirit   .   (helmet currently unavailable)
rElec    .         Reflect  .   (cloak currently unavailable)
rCorr    .         Harm     .   (gloves currently unavailable)
MR       .....     NoTele   +   (boots currently unavailable)
Stlth    +.........             (no amulet)
HPRegen  0.20/turn              i - ring of protection from cold
MPRegen  0.09/turn              (no ring)

@: brilliant, tree-form
A: no striking features
a: no special abilities


You were on level 3 of the Dungeon.
You were not hungry.
You were a tree.
You visited 1 branch of the dungeon, and saw 3 of its levels.

You collected 42 gold pieces.

Inventory:

Hand Weapons
 a - a +1 long sword (weapon)
Armour
 b - a +0 scale mail (melded)
 c - a +0 shield (worn)
Jewellery
 i - a ring of protection from cold (left branch)
Scrolls
 d - a scroll of fog
 k - a scroll of identify
Potions
 g - a potion of magic
 j - a potion of lignification
 l - a potion of cancellation {unknown}
Comestibles
 f - 3 rations


   Skills:
 + Level 3.4 Fighting
 + Level 3.4 Long Blades
 + Level 3.3 Armour
 + Level 1.3 Dodging
 + Level 0.1 Stealth
 + Level 3.3 Shields


You had 4 spell levels left.
You didn't know any spells.
Your spell library was empty.

Dungeon Overview and Level Annotations

Branches:
Dungeon (3/15)

Altars:
Hepliaklqana


Message History

The orc wizard flickers and vanishes!
Deactivating autopickup; reactivate with Ctrl-A.
The orc priest hits you with a +0 short sword.
* * * LOW HITPOINT WARNING * * *
It was a potion of magic.
Magic courses through your body.
The frilled lizard hisses angrily.
You block the orc priest's attack.
It was a potion of brilliance.
You feel clever all of a sudden.
The orc priest hits you with a +0 short sword.
* * * LOW HITPOINT WARNING * * *
It was a potion of lignification.
You turn into a tree.
Your +0 scale mail melds into your body.
Your roots penetrate the ground.
You block the orc priest's attack.
There are monsters nearby!
The orc priest hits you but does no damage.
The orc priest hits you but does no damage.
The orc priest calls down the wrath of Beogh upon you.
Beogh smites you!
You die...

#..#
..#
.l.
{s#
#o#
#o#
#o#
#♣#
#.#
#.#
#.#
#.#
#.#
#.#
#.#
#.#


You could see 2 orc priests, an orc, a giant cockroach and a frilled lizard.

Vanquished Creatures
  3 gnolls (D:2)
  2 adders (D:2)
  A worm (D:2)
  A leopard gecko (D:2)
  2 orcs (D:3)
  5 bats
  4 goblins (D:2)
  4 hobgoblins
  10 jackals
  7 kobolds
  2 quokkas (D:2)
  A rat (D:1)
42 creatures vanquished.

Notes
Turn   | Place    | Note
-------+----------+-------------------------------------------
     0 | D:1      | Magicfruit the Human Fighter began the quest for the Orb.
     0 | D:1      | Reached XP level 1. HP: 18/18 MP: 1/1
   151 | D:1      | Reached XP level 2. HP: 24/24 MP: 2/2
   416 | D:1      | Reached XP level 3. HP: 27/29 MP: 3/3
  1125 | D:2      | Reached XP level 4. HP: 19/35 MP: 4/4
  1131 | D:2      | Reached skill level 1 in Dodging
  1340 | D:2      | Found a hazy altar of Hepliaklqana.
  1788 | D:3      | Reached XP level 5. HP: 24/41 MP: 5/5
  1804 | D:3      | Killed from afar by an orc priest

Skill      XL: |  1  2  3  4 |
---------------+-------------+-----
Dodging        | 1 |  1.3
Long Blades    | 3 |  3.4
Fighting       | |  3.4
Armour         | |  3.3
Stealth        | |  0.1
Shields        | |  3.3

Action                   |  1- 3 |  4- 6 || total
-------------------------+-------+-------++-------
Melee: Long sword        |   101 |    49 ||   150
  Use: Scroll            |     5 |       ||     5
       Potion            |     1 |     6 ||     7
  Eat: Ration            |     1 |       ||     1
Armor: Scale mail        |    60 |    19 ||    79
       Skin              |       |     1 ||     1
Dodge: Dodged            |    36 |     9 ||    45
Block: Shield            |    66 |    32 ||    98
       Rpst.: Long sword |    14 |     2 ||    16
